 Dungeon Crawl Stone Soup version 0.22-a0-880-gb7b0c8b (webtiles) character file.

58 Gruud the Grave Robber (level 3, -1/24 HPs)
             Began as a Demonspawn Necromancer on July 30, 2018.
             Slain by a shadow imp (3 damage)
             ... on level 2 of the Dungeon.
             The game lasted 00:05:38 (1488 turns).

Gruud the Grave Robber (Demonspawn Necromancer)     Turns: 1488, Time: 00:05:40

Health: -1/24      AC:  3    Str:  9    XL:     3   Next: 75%
Magic:  6/6        EV: 12    Int: 16    God:
Gold:   100        SH:  0    Dex: 13    Spells: 1/6 levels left

rFire    . . .     SeeInvis .   i - -1 hunting sling (curse)
rCold    . . .     Gourm    .   (no shield)
rNeg     . . .     Faith    .   a - +1 robe
rPois    .         Spirit   .   (no helmet)
rElec    .         Reflect  .   (no cloak)
rCorr    .         Harm     .   (no gloves)
MR       .....                  (no boots)
Stlth    ++........             (no amulet)
HPRegen  0.08/turn              (no ring)
MPRegen  0.10/turn              (no ring)

@: no status effects
A: rot immunity
a: no special abilities


You were on level 2 of the Dungeon.
You were not hungry.

You visited 1 branch of the dungeon, and saw 2 of its levels.

You collected 100 gold pieces.

Inventory:

Hand Weapons
 f - a +0 short sword
 h - a +0 whip
 i - a cursed -1 hunting sling (weapon)
Armour
 a - a +1 robe (worn)
Scrolls
 e - a scroll of fog
Comestibles
 c - 3 rations


   Skills:
 - Level 1.7 Dodging
 - Level 1.7 Stealth
 - Level 2.0 Spellcasting
 * Level 6.0 Necromancy


You had one spell level left.
You knew the following spells:

 Your Spells              Type           Power        Failure   Level  Hunger
a - Pain                  Necr           ###.         1%          1    #......
b - Animate Skeleton      Necr           N/A          1%          1    #......
c - Vampiric Draining     Necr           ###.......   5%          3    ###....

Your spell library contained the following spells:

 Spells                   Type           Power        Failure   Level  Hunger
 Animate Dead             Necr           N/A          17%         4    #####..
 Regeneration             Chrm/Necr      ##........   19%         3    ###....


Dungeon Overview and Level Annotations

Branches:
Dungeon (2/15)

Altars:


Innate Abilities, Weirdness & Mutations

You are immune to rotting.


Message History

The shadow imp barely misses you.
Casting: Pain (safe; 1% risk of failure)
Confirm with . or Enter, or press ? or * to list all spells.
Aiming: Vampiric Draining (safe; 5% risk of failure)
Press: ? - help, Shift-Dir - straight line, f/p - shadow imp
Aim: a shadow imp (severely wounded)
You can't drain life from that!
You closely miss the shadow imp.
The shadow imp is severely wounded.
The shadow imp shouts, "Take thy face hence, thou horrid two-tin-hat dandiprat!"
The shadow imp hits you but does no damage.
The shadow imp completely misses you.
You clumsily bash the shadow imp but do no damage.
The shadow imp is severely wounded.
The shadow imp hits you but does no damage.
You clumsily bash the shadow imp but do no damage.
The shadow imp is severely wounded.
You feel less wooden.
Your +1 robe unmelds from your body.
The shadow imp hits you.
You die...

..####... ###...
#.!..##'##..(...
###.......###.#
......###......#
#####..#..####...
##...## #gs.##
#5### #.#####@#
#.......########
#...............
#.#####.########
#.# #.# #.####
#...^# ####.#


You could see a shadow imp, a giant cockroach and a goblin.

Vanquished Creatures
  A gnoll (D:1)
  An ooze (D:1)
  3 dart slugs (D:1)
  2 leopard geckos (D:1)
  3 goblins
  3 hobgoblins
  A jackal (D:2)
  2 kobolds (D:1)
  3 bats (D:1)
  6 frilled lizards (D:1)
  7 rats
32 creatures vanquished.

Vanquished Creatures (collateral kills)
  An ooze (D:1)
  A kobold (D:1)
  3 rats (D:1)
5 creatures vanquished.

Grand Total: 37 creatures vanquished

Notes
Turn   | Place    | Note
-------+----------+-------------------------------------------
     0 | D:1      | Gruud the Demonspawn Necromancer began the quest for the Orb.
     0 | D:1      | Reached XP level 1. HP: 13/13 MP: 3/3
     2 | D:1      | Learned a level 1 spell: Animate Skeleton
   163 | D:1      | Gained mutation: You are immune to rotting. [demonic ancestry]
   163 | D:1      | Reached XP level 2. HP: 12/19 MP: 3/5
   168 | D:1      | Reached skill level 5 in Necromancy
   786 | D:1      | Reached XP level 3. HP: 8/24 MP: 2/6
  1035 | D:1      | Learned a level 3 spell: Vampiric Draining
  1428 | D:2      | Reached skill level 6 in Necromancy
  1488 | D:2      | Slain by a shadow imp

Vault maps used:
D:1:      nzn_arrival_settlement
D:2:      lightli_temple_of_fire, minmay_divided_ellipse,
          uniq_crazy_yiuf_cottage, uniq_terence

Skill      XL: |  1  2  3 |
---------------+----------+-----
Necromancy     | 5 6 |  6.0
Dodging        | |  1.7
Stealth        | |  1.7
Spellcasting   | |  2.0

Action                   || total
-------------------------++-------
Melee: Unarmed           ||    15
       Short sword       ||    12
       Hunting sling     ||    13
       Whip              ||     2
 Fire: Hunting sling     ||    60
 Cast: Pain              ||    45
       Animate Skeleton  ||    11
       Vampiric Draining ||     1
  Use: Scroll            ||     3
       Potion            ||     1
 Stab: Sleeping          ||     1
  Eat: Chunk             ||     3
Armor: Robe              ||    15
       Skin              ||    24
Dodge: Dodged            ||    55

Table legend:
 A = Spawn XP
 B = Non-spawn XP
 C = Spawn XP percentage of total XP
 D = Spawn monster count
 E = Non-spawn monster count
 F = Spawn count percentage of total count
 G = Total turns spent on level
                    A         B        C        D         E        F      G
               +---------+---------+-------+---------+---------+-------+---------
         Total |       0 |      83 |   0.0 |       0 |      37 |   0.0 |  1488
               +---------+---------+-------+---------+---------+-------+---------
           D:1 |       0 |      74 |   0.0 |       0 |      31 |   0.0 |  1358
           D:2 |       0 |       9 |   0.0 |       0 |       6 |   0.0 |   130
               +---------+---------+-------+---------+---------+-------+---------
